 Dungeon Crawl Stone Soup version 0.31-a0-1025-g2e47921a08 (webtiles) character file.

Game seed: 12905254931280447271

17567 Anon1729 the Severer (level 12, -2/165 HPs)
             Began as a Minotaur Monk on Nov 17, 2023.
             Was a High Priest of Trog.
             Slain by a +3 long sword (15 damage)
             ... on level 13 of the Dungeon.
             The game lasted 00:11:31 (11632 turns).

Anon1729 the Severer (Minotaur Monk)               Turns: 11632, Time: 00:11:31

Health: -2/165     AC: 10    Str: 20    XL:     12   Next: 20%
Magic:  11/11      EV: 18    Int:  7    God:    Trog [*****.]
Gold:   795        SH:  0    Dex: 20    Spells: 11/11 levels left

rFire   . . .        a - +1 broad axe (elec)
rCold   . . .        d - orb {light}
rNeg    . . .        o - +3 ring mail
rPois   .            (helmet restricted)
rElec   .            (no cloak)
rCorr   .            (no gloves)
SInv    +            (no boots)
Will    .....        (no amulet) Stlth
                     l - ring of see invisible
HPRegen 0.47/turn    A - +6 ring of dexterity
MPRegen 0.12/turn

%: no passive effects
@: berserking, glowing, very quick
A: horns 2, retaliatory headbutt
a: Renounce Religion, Berserk, Trog's Hand, Brothers in Arms


You were on level 13 of the Dungeon.
You worshipped Trog.
Trog was extremely pleased with you.
You visited 2 branches of the dungeon, and saw 14 of its levels.
You also visited: Bailey.

You collected 860 gold pieces.
You spent 65 gold pieces at shops.

Inventory:

Hand Weapons
 a - a +1 broad axe of electrocution (weapon)
 w - a -1 executioner's axe
 F - a +5 antimagic hand axe
Armour
 d - an orb of light (worn)
 o - a +3 ring mail (worn)
Jewellery
 e - a ring of ice
 l - a ring of see invisible (left hand)
 A - a +6 ring of dexterity (right hand)
Wands
 v - a wand of digging (6)
 x - a wand of flame (46)
 E - a wand of paralysis (2)
 G - a wand of roots (8)
Scrolls
 f - 4 scrolls of teleportation
 g - a scroll of blinking
 h - 2 scrolls of vulnerability
 i - a scroll of silence
 k - a scroll of revelation
 n - a scroll of fear
 u - a scroll of enchant armour
 y - 4 scrolls of fog
 z - 2 scrolls of noise
 B - 2 scrolls of immolation
 C - a scroll of summoning
Potions
 c - 5 potions of ambrosia
 j - 4 potions of heal wounds
 q - a potion of resistance {unknown}
 r - 5 potions of curing
 s - 3 potions of mutation
 t - 3 potions of haste {unknown}
 D - a potion of attraction {unknown}


   Skills:
 + Level 11.4 Fighting
 * Level 15.4 Axes
 + Level 10.9 Armour
 + Level 10.4 Dodging


You had 11 spell levels left.
You didn't know any spells.
Your spell library contained the following spells:

 Spells                   Type           Power      Damage    Failure   Level
 Magic Dart               Conj           0%         1d3       56%         1
 Call Imp                 Summ           0%         N/A       71%         2
 Mephitic Cloud           Conj/Pois/Air  0%         N/A       91%         3


Dungeon Overview and Level Annotations

Branches:
Dungeon (13/15)            Temple (1/1) D:4             Orc (0/2) D:11
 Bailey (visited)
   Lair: D:8-11      Vaults: D:13-14

Altars:
Ashenzari
Cheibriados
Dithmenos
Elyvilon
Fedhas
Gozag
Hepliaklqana
Kikubaaqudgha
Makhleb
Nemelex Xobeh
Okawaru
Qazlal
Ru
Sif Muna
Trog
Uskayaw
Vehumet
Wu Jian
Xom
Yredelemnul
Zin
The Shining One

Shops:
D:4 =   D:6 *   D:9 :   D:10 *


Innate Abilities, Weirdness & Mutations

You have a pair of horns on your head.
You reflexively headbutt those who attack you in melee.


Message History

You furiously retaliate!
You headbutt the centaur!
You kill the centaur!
Trog accepts your kill.
The centaur hits you but does no damage.
The centaur kicks you but does no damage.
The +10 long sword hits you!
* * * LOW HITPOINT WARNING * * *
You slice the +10 long sword!!
The +10 long sword falls from the air.
Trog accepts your kill.
You slash the centaur!
You kill the centaur!
Trog accepts your kill.
You slash the centaur!
You kill the centaur!
Trog accepts your kill.
The centaur shoots an arrow.
The arrow misses you.
You hit the +3 long sword.
The +3 long sword is lightly damaged.
The +3 long sword hits you!
* * * LOW HITPOINT WARNING * * *
The centaur shoots an arrow.
The arrow closely misses you.
You closely miss the +3 long sword.
The +3 long sword is lightly damaged.
The +3 long sword hits you!
* * * LOW HITPOINT WARNING * * *
You barely miss the +3 long sword.
The +3 long sword is lightly damaged.
You hit the centaur. You barely miss the +3 long sword.
The +3 long sword is lightly damaged.
You slash the centaur! Lightning courses through the centaur!
You kill the centaur!
Trog accepts your kill. The +3 long sword hits you.
* * * LOW HITPOINT WARNING * * *
You miss the +3 long sword.
The +3 long sword is lightly damaged.
The +3 long sword hits you!
You die...

#+#### ##### #.......
...... +......# ......
#......####......
#............?...
#........))......
########.......)@(....#
........<.......))...##
.....................!#
#....................##
#.....................#
#............###........
.....................=..
........................
.......................


You could see a +3 long sword.

Vanquished Creatures
  Snorg (D:11)
  2 vault guards (Bailey)
  A centaur warrior (D:13)
  Erica (D:11)
  A boulder beetle (D:11)
  A dancing weapon (D:13)
  2 two-headed ogres
  A deep elf pyromancer (D:13)
  A manticore (D:12)
  A gargoyle (D:11)
  A kobold demonologist (D:11)
  2 ice devils (D:11)
  An efreet (D:12)
  3 trolls (D:12)
  A blink frog (Bailey)
  Prince Ribbit (D:6)
  Grinder (D:5)
  2 shadows
  2 wyverns
  A basilisk (D:12)
  6 yaks
  A wraith (D:10)
  5 humans (Bailey)
  A steam dragon (D:7)
  2 water moccasins
  An acid dragon (D:9)
  An ice beast (D:7)
  A black bear (D:6)
  A hornet zombie (D:6)
  3 orc warriors
  2 sky beasts (D:7)
  An ogre (D:6)
  6 centaurs
  4 phantoms (D:6)
  7 kobold brigands
  16 bullfrogs
  2 gnoll sergeants
  3 scorpions
  A water moccasin skeleton (D:6)
  3 water moccasin zombies (D:6)
  8 wights
  21 killer bees
  5 howler monkeys
  3 bullfrog zombies (D:6)
  A centaur zombie (D:6)
  5 jellies
  3 bullfrog skeletons (D:6)
  A gnoll bouda (D:10)
  5 orc priests
  2 hounds (D:5)
  2 iguanas
  4 orc wizards
  A killer bee zombie (D:6)
  A howler monkey zombie (D:6)
  13 adders
  10 gnolls
  A white imp (D:5)
  4 dart slugs (D:1)
  30 orcs
  5 endoplasms
  2 giant cockroaches
  14 goblins
  7 hobgoblins
  31 kobolds
  5 quokkas
  A ball python (D:4)
  3 bats
  2 frilled lizards (D:2)
  2 rats (D:1)
286 creatures vanquished.

Notes
Turn   | Place    | Note
-------+----------+-------------------------------------------
     0 | D:1      | Anon1729 the Minotaur Monk began the quest for the Orb.
     0 | D:1      | Reached XP level 1. HP: 19/19 MP: 0/0
   239 | D:1      | Reached XP level 2. HP: 22/27 MP: 1/1
   279 | D:1      | Reached skill level 4 in Axes
   332 | D:1      | Reached skill level 1 in Armour
   731 | D:2      | Reached XP level 3. HP: 33/33 MP: 2/2
   902 | D:2      | Reached XP level 4. HP: 31/40 MP: 3/3
  1547 | D:3      | Reached skill level 5 in Axes
  2248 | D:4      | Found Baysoyll's Jewellery Boutique.
  2349 | D:4      | Reached XP level 5. HP: 47/47 MP: 4/4
  2349 | D:4      | Found a staircase to the Ecumenical Temple.
  2648 | Temple   | Entered the Ecumenical Temple
  2670 | Temple   | Became a worshipper of Trog the Wrathful
  2670 | Temple   | Reached * piety under Trog
  2670 | Temple   | Reached ** piety under Trog
  2711 | D:5      | Entered Level 5 of the Dungeon
  2747 | D:5      | Found a burning altar of Makhleb.
  2895 | D:5      | Reached XP level 6. HP: 54/55 MP: 5/5
  2949 | D:5      | Reached skill level 5 in Fighting
  2949 | D:5      | Reached skill level 6 in Axes
  3094 | D:5      | Noticed Grinder
  3100 | D:5      | Paralysed by Grinder for 3 turns
  3105 | D:5      | Paralysed by Grinder for 5 turns
  3111 | D:5      | Killed Grinder
  3112 | D:5      | Reached XP level 7. HP: 43/61 MP: 6/6
  3199 | D:5      | Reached skill level 7 in Axes
  3199 | D:5      | Reached skill level 5 in Dodging
  3300 | D:5      | Noticed a yak
  3303 | D:5      | Noticed a yak
  3303 | D:5      | Noticed a yak
  3303 | D:5      | Noticed a yak
  3304 | D:5      | Noticed a yak
  3309 | D:5      | Killed a yak
  3348 | D:5      | Killed a yak
  3901 | D:6      | Reached XP level 8. HP: 57/70 MP: 7/7
  3916 | D:6      | Reached skill level 8 in Axes
  3991 | D:6      | Reached skill level 5 in Armour
  4223 | D:6      | Reached skill level 9 in Axes
  4457 | D:6      | Reached XP level 9. HP: 61/79 MP: 8/8
  4590 | D:6      | Found Padeuz's Gadget Gallery.
  4608 | D:6      | Noticed Prince Ribbit
  4630 | D:6      | Killed Prince Ribbit
  4630 | D:6      | Reached *** piety under Trog
  4631 | D:6      | Reached skill level 10 in Axes
  5460 | D:7      | Found a flagged portal.
  5477 | Bailey   | Entered a bailey
  5486 | Bailey   | Reached skill level 11 in Axes
  5749 | Bailey   | Reached XP level 10. HP: 68/90 MP: 9/9
  5946 | Bailey   | Noticed a vault guard
  5969 | Bailey   | Killed a vault guard
  5970 | Bailey   | Reached skill level 12 in Axes
  6061 | Bailey   | Noticed a vault guard
  6072 | Bailey   | Killed a vault guard
  6413 | D:7      | Reached **** piety under Trog
  7160 | D:8      | Reached skill level 13 in Axes
  7493 | D:8      | Found an opulent altar of Gozag.
  7943 | D:9      | Reached ***** piety under Trog
  7964 | D:9      | Noticed a two-headed ogre
  7973 | D:9      | Killed a two-headed ogre
  7974 | D:9      | Reached XP level 11. HP: 66/99 MP: 10/10
  8165 | D:9      | Reached skill level 10 in Fighting
  8258 | D:9      | Found a hazy altar of Hepliaklqana.
  8406 | D:9      | Received a gift from Trog
  8527 | D:9      | Found Ral Gaz's Book Boutique.
  8591 | D:10     | Entered Level 10 of the Dungeon
  9080 | D:10     | Found Joqunk's Lightly-Used Armoury.
  9165 | D:10     | Bought a -1 executioner's axe for 65 gold pieces
  9212 | D:11     | Noticed Erica
  9216 | D:11     | Killed Erica
  9217 | D:11     | Reached skill level 14 in Axes
  9602 | D:11     | Noticed a boulder beetle
  9615 | D:11     | Killed a boulder beetle
  9723 | D:11     | Found a staircase to the Orcish Mines.
  9948 | D:11     | Noticed Snorg
  9950 | D:11     | Found a frozen archway.
  9955 | D:11     | Noticed a sixfirhy
  9957 | D:11     | Killed Snorg
  9958 | D:11     | Reached skill level 10 in Armour
 10603 | D:12     | Noticed a two-headed ogre
 10612 | D:12     | Killed a two-headed ogre
 10613 | D:12     | Reached skill level 10 in Dodging
 10900 | D:12     | Reached skill level 15 in Axes
 11295 | D:12     | Reached XP level 12. HP: 85/110 MP: 11/11
 11619 | D:13     | Noticed a centaur warrior
 11626 | D:13     | Killed a centaur warrior
 11632 | D:13     | Slain by a +3 long sword

Illustrated notes

Levels and vault maps discovered:
D:1:      lightli_arrival_maybe_door_vault, layout_loops_ring
D:2:      layout_loops_ring, nicolae_half_adder
D:3:      layout_basic
D:4:      layout_basic, minmay_temple_entry_nine_rooms, serial_shops,
          nicolae_shop_peninsula
D:5:      layout_loops_ring, mainiacjoe_overflow_chevrons, uniq_grinder
D:6:      minmay_evil_eye, layout_cave_pools, serial_undead, serial_undead_d,
          serial_undead_c, serial_undead_a, serial_undead_c, serial_undead_b,
          serial_undead_f, nicolae_shop_gadgets, uniq_prince_ribbit1
D:7:      layout_basic, enter_bailey_5, kennysheep_generic_room_3
D:8:      layout_loops_ring, nicolae_gozag_seed_capital
D:9:      layout_loops_ring, nicolae_hepliaklqana_hazy_memory, serial_shops,
          nicolae_shop_just_a_little_nook
D:10:     layout_loops_ring, grunt_lair_entry_orc_guard_hut,
          minmay_shop_damaged, uniq_fannar
D:11:     hellmonk_crumbling_castle, layout_loops_corners,
          portal_ice_cave_demonic_guard, blue_anna_alchemist,
          minmay_unpleasant_kobolds, uniq_snorg, uniq_erica
D:12:     layout_small_grid
D:13:     layout_stronghold, erik_vaults_1, nicolae_uskayaw_dance_hall,
          uniq_frances
Temple:   nicolae_temple_bog_church

Skill      XL: |  1  2  3  4  5  6  7  8  9 10 11 |
---------------+----------------------------------+-----
Axes           | 4 5 6 7 9 11 13 15 | 15.4
Armour         | 1 2 3 4 6 7 9 10 | 10.9
Fighting       | 4 5 6 7 8 9 11 | 11.4
Dodging        | 4 5 6 7 9 10 | 10.4

Action                     |  1- 3 |  4- 6 |  7- 9 | 10-12 || total
---------------------------+-------+-------+-------+-------++-------
  Melee: Hand axe          |    53 |    86 |   188 |       ||   327
         Headbutt          |    12 |    28 |    76 |    87 ||   203
         War axe           |       |       |    63 |    24 ||    87
         Broad axe         |       |       |       |   282 ||   282
 Invoke: Berserk           |       |       |       |     5 ||     5
  Evoke: Wand              |       |       |     2 |     1 ||     3
    Use: Scroll            |       |       |    13 |     9 ||    22
         Potion            |       |       |     2 |       ||     2
   Stab: Paralysed         |       |       |       |     1 ||     1
 Armour: Robe              |    23 |    12 |       |       ||    35
         Ring mail         |       |    39 |   184 |   236 ||   459
  Dodge: Dodged            |    32 |    55 |   160 |   262 ||   509

Table legend: (Time is in decaauts)
 A = Elapsed time spent in this place.
 B = Non-inter-level travel time spent in this place.
 C = Inter-level travel time spent in this place.
 D = Time resting spent in this place.
 E = Time spent auto-exploring this place.
 F = Levels seen in this place.
 G = Mean time per level.
                   A        B        C        D        E       F      G
               +--------+--------+--------+--------+--------+-----+--------+
         Total |  11620 |  11082 |    538 |   1318 |   7869 |  15 |  774.7 |
       Dungeon |  10776 |  10283 |    493 |   1010 |   7576 |  13 |  828.9 |
        Temple |     45 |      1 |     44 |      0 |      0 |   1 |   45.0 |
        Bailey |    798 |    798 |      0 |    308 |    293 |   1 |  798.0 |
               +--------+--------+--------+--------+--------+-----+--------+

Top non-repeatable levels by time:
    D:11: 1312 daAuts
     D:6: 1119 daAuts
     D:7: 1113 daAuts
     D:5: 1083 daAuts
    D:12: 1053 daAuts
     D:9: 880 daAuts
     D:8: 872 daAuts
     D:2: 811 daAuts
  Bailey: 798 daAuts
     D:1: 713 daAuts
     D:4: 672 daAuts
    D:10: 620 daAuts
     D:3: 476 daAuts
    D:13: 48 daAuts
  Temple: 45 daAuts
